2650 views
Uploaded 2021-10-01 16:51:56
Game version 1.32.10
23:32 long 3on3 ladder game on (6)GnollWood
Saved by xzz
2650 views
Uploaded 2021-10-01 16:51:56
Game version 1.32.10
23:32 long 3on3 ladder game on (6)GnollWood


100 units @ 15.7k
/ 2.5k
59 buildings @ 8.2k
/ 3.2k


| Rod of Necromancy | 2 | 300 |
| Ritual Dagger | 1 | 125 |
| Potion of Healing | 1 | 150 |
| Scroll of Town Portal | 2 | 700 |
| total: | 6 | 1275g |
| Acolyte | 2 | 150 | / | 0 |
| Ghoul | 4 | 480 | / | 0 |
| Crypt Fiend | 11 | 2365 | / | 440 |
| Obsidian Statue | 12 | 2400 | / | 420 |
| Gargoyle | 2 | 350 | / | 60 |
| Forest Troll Berserker | 1 | 245 | / | 30 |
| total: | 32 | 5990g | / | 950w |
| Nerubian Tower | 1 | 100 | / | 20 |
| Spirit Tower | 1 | 145 | / | 40 |
| Altar of Darkness | 1 | 180 | / | 50 |
| Ziggurat | 7 | 1050 | / | 350 |
| Crypt | 1 | 200 | / | 50 |
| Graveyard | 1 | 215 | / | 0 |
| Tomb of Relics | 1 | 130 | / | 30 |
| Slaughterhouse | 2 | 280 | / | 270 |
| Halls of the Dead | 1 | 320 | / | 210 |
| Black Citadel | 1 | 325 | / | 230 |
| total: | 13 | 2055g | / | 750w |
| 0:06 | Acolyte |
| 0:06 | Acolyte |
| 0:14 | Altar of Darkness |
| 0:18 | Ziggurat |
| 0:38 | Crypt |
| 1:02 | Graveyard |
| 1:27 | Ziggurat |
| 1:31 | Tomb of Relics |
| 1:44 | Ghoul |
| 1:56 | Ghoul |
| 2:19 | Death Coil |
| 2:23 | Crypt Fiend |
| 2:38 | Rod of Necromancy |
| 2:54 | Crypt Fiend |
| 3:31 | Crypt Fiend |
| 3:39 | Ziggurat |
| 3:54 | Crypt Fiend |
| 4:18 | Ghoul |
| 4:33 | Crypt Fiend |
| 4:44 | Halls of the Dead |
| 5:01 | Ritual Dagger |
| 5:23 | Crypt Fiend |
| 5:31 | Creature Attack |
| 6:12 | Unholy Aura |
| 6:14 | Crypt Fiend |
| 6:44 | Crypt Fiend |
| 6:50 | Ziggurat |
| 7:32 | Web |
| 8:13 | Nerubian Tower |
| 8:17 | Ghoul |
| 8:21 | Black Citadel |
| 8:39 | Rod of Necromancy |
| 9:01 | Slaughterhouse |
| 9:09 | Frost Nova |
| 9:32 | Forest Troll Berserker |
| 9:37 | Death Coil |
| 9:41 | Death Coil |
| 9:53 | Frost Armor |
| 10:13 | Ziggurat |
| 10:16 | Ziggurat |
| 10:18 | Ziggurat |
| 10:44 | Destroyer Form |
| 10:47 | Slaughterhouse |
| 11:18 | Obsidian Statue |
| 11:20 | Improved Creature Attack |
| 11:56 | Scroll of Town Portal |
| 11:57 | Potion of Healing |
| 12:12 | Obsidian Statue |
| 12:13 | Obsidian Statue |
| 13:05 | Crypt Fiend |
| 13:06 | Obsidian Statue |
| 14:00 | Obsidian Statue |
| 14:46 | Obsidian Statue |
| 15:23 | Scroll of Town Portal |
| 15:35 | Gargoyle |
| 16:20 | Frost Nova |
| 16:49 | Obsidian Statue |
| 17:02 | Unholy Aura |
| 17:24 | Crypt Fiend |
| 17:45 | Crypt Fiend |
| 18:19 | Obsidian Statue |
| 18:32 | Spirit Tower |
| 18:59 | Obsidian Statue |
| 19:15 | Frost Armor |
| 19:25 | Gargoyle |
| 19:53 | Obsidian Statue |
| 20:47 | Obsidian Statue |
| 21:24 | Death Coil |
| 21:45 | Obsidian Statue |
| Select | 482 |
| Right click | 459 |
| Misc. action | 216 |
| Build/train/purchase | 91 |
| Select group | 42 |
| Use ability | 30 |
| Minimap ping | 28 |
| Chat | 7 |
| Assign group | 3 |
| Remove unit | 3 |
| Item give/drop | 1 |


| Potion of Healing | 4 | 600 |
| Lesser Clarity Potion | 5 | 350 |
| Scroll of Regeneration | 4 | 400 |
| Potion of Mana | 3 | 600 |
| Scroll of Town Portal | 3 | 1050 |
| total: | 19 | 3000g |
| Peasant | 13 | 975 | / | 0 |
| Rifleman | 19 | 3895 | / | 570 |
| Mortar Team | 7 | 1260 | / | 490 |
| Gryphon Rider | 1 | 280 | / | 70 |
| Dragonhawk Rider | 1 | 200 | / | 30 |
| total: | 41 | 6610g | / | 1160w |
| Scout Tower | 1 | 30 | / | 20 |
| Arcane Tower | 2 | 140 | / | 100 |
| Blacksmith | 1 | 140 | / | 60 |
| Barracks | 2 | 320 | / | 120 |
| Altar of Kings | 1 | 180 | / | 50 |
| Farm | 12 | 960 | / | 240 |
| Arcane Vault | 1 | 130 | / | 30 |
| Lumber Mill | 1 | 120 | / | 0 |
| Town Hall | 1 | 385 | / | 205 |
| Workshop | 1 | 140 | / | 140 |
| Gryphon Aviary | 2 | 280 | / | 300 |
| Keep | 1 | 320 | / | 210 |
| Castle | 1 | 360 | / | 210 |
| total: | 23 | 2685g | / | 1165w |
| 0:02 | Peasant |
| 0:02 | Peasant |
| 0:02 | Peasant |
| 0:03 | Peasant |
| 0:03 | Peasant |
| 0:03 | Peasant |
| 0:03 | Peasant |
| 0:10 | Peasant |
| 0:19 | Peasant |
| 1:04 | Blacksmith |
| 1:22 | Barracks |
| 1:24 | Altar of Kings |
| 1:34 | Farm |
| 1:37 | Farm |
| 1:50 | Farm |
| 2:18 | Black Gunpowder |
| 2:18 | Refined Gunpowder |
| 2:24 | Rifleman |
| 2:39 | Farm |
| 2:43 | Rifleman |
| 2:52 | Farm |
| 2:59 | Scout Tower |
| 3:05 | Rifleman |
| 3:15 | Studded Leather Armor |
| 3:15 | Reinforced Leather Armor |
| 3:28 | Holy Light |
| 3:38 | Rifleman |
| 3:48 | Rifleman |
| 4:05 | Arcane Vault |
| 4:33 | Devotion Aura |
| 4:41 | Keep |
| 4:44 | Lumber Mill |
| 4:56 | Arcane Tower |
| 5:04 | Barracks |
| 5:32 | Farm |
| 5:33 | Farm |
| 6:30 | Rifleman |
| 6:47 | Rifleman |
| 7:15 | Holy Light |
| 7:29 | Imbued Gunpowder |
| 7:31 | Long Rifles |
| 7:32 | Rifleman |
| 7:54 | Rifleman |
| 7:59 | Improved Lumber Harvesting |
| 8:17 | Potion of Healing |
| 8:21 | Lesser Clarity Potion |
| 8:22 | Lesser Clarity Potion |
| 8:27 | Storm Bolt |
| 8:39 | Scroll of Regeneration |
| 8:50 | Dragonhide Armor |
| 9:02 | Potion of Mana |
| 9:22 | Rifleman |
| 10:05 | Potion of Healing |
| 10:06 | Scroll of Regeneration |
| 10:11 | Potion of Healing |
| 10:13 | Lesser Clarity Potion |
| 11:01 | Rifleman |
| 11:04 | Workshop |
| 11:36 | Scroll of Town Portal |
| 11:37 | Potion of Healing |
| 11:49 | Peasant |
| 11:50 | Peasant |
| 11:50 | Peasant |
| 11:57 | Peasant |
| 12:15 | Mortar Team |
| 13:14 | Mortar Team |
| 13:15 | Rifleman |
| 13:28 | Scroll of Regeneration |
| 13:32 | Scroll of Town Portal |
| 13:41 | Bash |
| 14:21 | Improved Masonry |
| 14:49 | Town Hall |
| 15:10 | Castle |
| 16:01 | Divine Shield |
| 16:35 | Farm |
| 16:35 | Farm |
| 16:36 | Farm |
| 16:36 | Farm |
| 16:36 | Farm |
| 16:38 | Rifleman |
| 16:40 | Mortar Team |
| 16:40 | Mortar Team |
| 17:17 | Storm Bolt |
| 17:33 | Mortar Team |
| 17:34 | Rifleman |
| 17:37 | Scroll of Town Portal |
| 17:37 | Scroll of Regeneration |
| 17:42 | Lesser Clarity Potion |
| 17:46 | Lesser Clarity Potion |
| 18:00 | Rifleman |
| 18:12 | Potion of Mana |
| 18:12 | Potion of Mana |
| 19:07 | Mortar Team |
| 19:08 | Rifleman |
| 19:09 | Rifleman |
| 19:23 | Bash |
| 19:40 | Rifleman |
| 19:41 | Rifleman |
| 20:27 | Gryphon Aviary |
| 20:29 | Gryphon Aviary |
| 20:32 | Iron Forged Swords |
| 21:24 | Holy Light |
| 21:45 | Steel Forged Swords |
| 21:48 | Mortar Team |
| 21:48 | Fragmentation Shards |
| 21:48 | Flare |
| 21:52 | Animal War Training |
| 23:15 | Storm Hammers |
| 23:15 | Cloud |
| 23:16 | Gryphon Rider |
| 23:16 | Dragonhawk Rider |
| 23:22 | Resurrection |
| 23:26 | Storm Bolt |
| Right click | 1118 |
| Select | 361 |
| Select group | 189 |
| Build/train/purchase | 138 |
| Chat | 81 |
| Use ability | 45 |
| Assign group | 25 |
| Misc. action | 20 |
| Minimap ping | 3 |
| Item give/drop | 2 |
| Remove unit | 1 |


| Scroll of Speed | 1 | 50 |
| Healing Salve | 2 | 200 |
| Lesser Clarity Potion | 2 | 140 |
| Potion of Healing | 2 | 300 |
| Potion of Mana | 1 | 200 |
| Scroll of Town Portal | 1 | 350 |
| total: | 9 | 1240g |
| Peon | 10 | 750 | / | 0 |
| Troll Headhunter | 15 | 2100 | / | 300 |
| Shaman | 2 | 260 | / | 40 |
| total: | 27 | 3110g | / | 340w |
| Watch Tower | 4 | 440 | / | 320 |
| Altar of Storms | 1 | 180 | / | 50 |
| Orc Burrow | 12 | 1920 | / | 480 |
| Voodoo Lounge | 2 | 260 | / | 60 |
| War Mill | 1 | 205 | / | 0 |
| Barracks | 1 | 180 | / | 50 |
| Spirit Lodge | 2 | 300 | / | 300 |
| Stronghold | 1 | 315 | / | 190 |
| total: | 23 | 3485g | / | 1260w |
| 0:02 | Peon |
| 0:03 | Peon |
| 0:03 | Peon |
| 0:19 | Altar of Storms |
| 0:31 | Orc Burrow |
| 0:38 | Peon |
| 0:54 | Peon |
| 1:04 | Voodoo Lounge |
| 1:13 | Peon |
| 1:17 | War Mill |
| 1:33 | Barracks |
| 1:41 | Peon |
| 1:56 | Orc Burrow |
| 2:21 | Scroll of Speed |
| 2:21 | Healing Salve |
| 2:23 | Feral Spirit |
| 2:35 | Troll Headhunter |
| 2:38 | Troll Headhunter |
| 3:12 | Troll Headhunter |
| 3:17 | Stronghold |
| 4:38 | Orc Burrow |
| 4:41 | Orc Burrow |
| 4:51 | Orc Burrow |
| 4:56 | Troll Headhunter |
| 5:06 | Orc Burrow |
| 5:09 | Watch Tower |
| 5:22 | Watch Tower |
| 5:28 | Orc Burrow |
| 5:31 | Watch Tower |
| 5:39 | Troll Headhunter |
| 5:40 | Troll Headhunter |
| 6:05 | Troll Headhunter |
| 6:33 | Orc Burrow |
| 6:48 | Orc Burrow |
| 6:50 | Peon |
| 7:25 | Orc Burrow |
| 7:36 | Watch Tower |
| 7:42 | Troll Headhunter |
| 7:43 | Troll Headhunter |
| 8:08 | Troll Headhunter |
| 8:20 | Peon |
| 9:07 | Troll Headhunter |
| 9:43 | Hex |
| 9:51 | Voodoo Lounge |
| 10:19 | Troll Headhunter |
| 10:28 | Troll Headhunter |
| 10:39 | Chain Lighting |
| 10:45 | Spirit Lodge |
| 10:48 | Peon |
| 11:23 | Spirit Lodge |
| 11:55 | Troll Regeneration |
| 11:59 | Orc Burrow |
| 12:03 | Orc Burrow |
| 12:52 | Shaman Adept Training |
| 13:28 | Lesser Clarity Potion |
| 13:29 | Healing Salve |
| 13:29 | Potion of Healing |
| 13:29 | Potion of Mana |
| 13:35 | Troll Headhunter |
| 13:36 | Shaman |
| 14:10 | Lesser Clarity Potion |
| 14:14 | Scroll of Town Portal |
| 14:16 | Potion of Healing |
| 14:21 | Reinforced Defenses |
| 14:22 | Troll Headhunter |
| 14:23 | Shaman |
| Select group | 624 |
| Right click | 598 |
| Select | 458 |
| Misc. action | 167 |
| Build/train/purchase | 107 |
| Assign group | 46 |
| Use ability | 26 |
| Esc | 6 |
| Item give/drop | 3 |
116 units @ 14.7k
/ 2k
54 buildings @ 9.1k
/ 4.2k

| Scroll of Speed | 4 | 200 |
| Healing Salve | 6 | 600 |
| Lesser Clarity Potion | 3 | 210 |
| Orb of Lightning | 1 | 375 |
| Potion of Healing | 2 | 300 |
| Scroll of Town Portal | 2 | 700 |
| Scroll of Healing | 1 | 250 |
| total: | 19 | 2635g |
| Peon | 13 | 975 | / | 0 |
| Troll Headhunter | 11 | 1540 | / | 220 |
| Shaman | 5 | 650 | / | 100 |
| Troll Witch Doctor | 2 | 290 | / | 50 |
| Demolisher | 3 | 660 | / | 150 |
| Forest Troll Shadow Priest | 1 | 195 | / | 10 |
| Mud Golem | 1 | 145 | / | 10 |
| total: | 36 | 4455g | / | 540w |
| Watch Tower | 13 | 1430 | / | 1040 |
| Altar of Storms | 1 | 180 | / | 50 |
| Orc Burrow | 4 | 640 | / | 160 |
| Barracks | 2 | 360 | / | 100 |
| War Mill | 1 | 205 | / | 0 |
| Voodoo Lounge | 3 | 390 | / | 90 |
| Great Hall | 3 | 1155 | / | 555 |
| Spirit Lodge | 1 | 150 | / | 150 |
| Stronghold | 1 | 315 | / | 190 |
| Fortress | 1 | 325 | / | 190 |
| total: | 28 | 4510g | / | 2145w |
| 0:04 | Peon |
| 0:04 | Peon |
| 0:10 | Altar of Storms |
| 0:12 | Orc Burrow |
| 0:36 | Barracks |
| 0:45 | Peon |
| 1:02 | Peon |
| 1:17 | War Mill |
| 1:26 | Peon |
| 1:44 | Peon |
| 1:50 | Voodoo Lounge |
| 1:57 | Voodoo Lounge |
| 2:00 | Voodoo Lounge |
| 2:08 | Peon |
| 2:30 | War Stomp |
| 2:32 | Troll Headhunter |
| 2:42 | Orc Burrow |
| 2:44 | Troll Headhunter |
| 2:59 | Troll Headhunter |
| 3:20 | Scroll of Speed |
| 3:21 | Healing Salve |
| 3:26 | Steel Ranged Weapons |
| 3:50 | Watch Tower |
| 3:58 | Troll Headhunter |
| 4:20 | Healing Salve |
| 4:28 | Troll Headhunter |
| 4:31 | Orc Burrow |
| 4:49 | Troll Headhunter |
| 5:16 | Endurance Aura |
| 5:49 | Troll Headhunter |
| 5:51 | Stronghold |
| 6:20 | Endurance Aura |
| 6:35 | Troll Headhunter |
| 6:43 | Watch Tower |
| 6:47 | Watch Tower |
| 6:55 | Healing Salve |
| 6:56 | Scroll of Speed |
| 6:57 | Lesser Clarity Potion |
| 6:59 | Troll Headhunter |
| 7:11 | Steel Armor |
| 8:01 | Troll Headhunter |
| 8:09 | Orc Burrow |
| 8:13 | Spirit Lodge |
| 8:16 | Healing Salve |
| 8:16 | Scroll of Speed |
| 8:41 | Troll Regeneration |
| 9:00 | Forest Troll Shadow Priest |
| 9:02 | Mud Golem |
| 9:25 | Thorium Ranged Weapons |
| 9:26 | Peon |
| 9:30 | Shaman Adept Training |
| 9:31 | Shaman |
| 9:31 | Shaman |
| 9:34 | Healing Salve |
| 9:39 | Lesser Clarity Potion |
| 9:43 | Healing Salve |
| 9:45 | Scroll of Speed |
| 11:42 | Shaman |
| 11:56 | Fortress |
| 12:39 | Great Hall |
| 12:40 | Watch Tower |
| 12:41 | Watch Tower |
| 12:41 | Watch Tower |
| 12:42 | Watch Tower |
| 12:54 | War Stomp |
| 13:33 | Scroll of Town Portal |
| 13:33 | Scroll of Healing |
| 14:06 | Barracks |
| 14:12 | Troll Witch Doctor |
| 14:13 | Troll Witch Doctor |
| 15:10 | Reinforced Defenses |
| 15:14 | Peon |
| 15:14 | Peon |
| 15:22 | Scroll of Town Portal |
| 16:33 | Burning Oil |
| 16:47 | Shaman Master Training |
| 16:47 | Shaman |
| 17:06 | Orb of Lightning |
| 17:06 | Potion of Healing |
| 17:08 | Potion of Healing |
| 17:09 | Lesser Clarity Potion |
| 17:15 | Endurance Aura |
| 17:41 | Great Hall |
| 17:43 | Watch Tower |
| 17:44 | Watch Tower |
| 17:59 | Shaman |
| 18:21 | Great Hall |
| 18:31 | Troll Headhunter |
| 18:33 | Berserker Upgrade |
| 18:45 | Watch Tower |
| 19:03 | Demolisher |
| 19:18 | Watch Tower |
| 19:42 | Demolisher |
| 19:58 | Demolisher |
| 20:16 | Watch Tower |
| 20:38 | Watch Tower |
| 21:34 | Peon |
| 21:34 | Peon |
| 21:35 | Peon |
| Right click | 767 |
| Select | 262 |
| Chat | 232 |
| Select group | 188 |
| Build/train/purchase | 116 |
| Assign group | 52 |
| Use ability | 30 |
| Resource trade | 9 |
| Minimap ping | 7 |
| Misc. action | 2 |
| Esc | 2 |
| Item give/drop | 1 |

| Scroll of Town Portal | 2 | 700 |
| Potion of Lesser Invulnerability | 1 | 150 |
| total: | 3 | 850g |
| Wisp | 14 | 840 | / | 0 |
| Archer | 19 | 2470 | / | 190 |
| Dryad | 4 | 580 | / | 240 |
| Druid of the Claw | 5 | 1275 | / | 400 |
| Huntress | 1 | 195 | / | 20 |
| total: | 43 | 5360g | / | 850w |
| Ancient Protector | 2 | 270 | / | 160 |
| Altar of Elders | 1 | 180 | / | 50 |
| Moon Well | 4 | 720 | / | 160 |
| Ancient of War | 1 | 150 | / | 60 |
| Hunter's Hall | 1 | 210 | / | 100 |
| Ancient of Wonders | 1 | 90 | / | 30 |
| Tree of Life | 1 | 340 | / | 185 |
| Ancient of Lore | 2 | 310 | / | 290 |
| Tree of Ages | 1 | 320 | / | 180 |
| Tree of Eternity | 1 | 330 | / | 200 |
| total: | 13 | 2270g | / | 1035w |
| 0:02 | Wisp |
| 0:02 | Wisp |
| 0:04 | Wisp |
| 0:09 | Altar of Elders |
| 0:18 | Moon Well |
| 0:33 | Ancient of War |
| 0:41 | Wisp |
| 0:48 | Wisp |
| 1:15 | Wisp |
| 1:19 | Wisp |
| 1:24 | Moon Well |
| 1:35 | Archer |
| 1:56 | Archer |
| 2:13 | Evasion |
| 2:17 | Wisp |
| 2:21 | Archer |
| 3:01 | Archer |
| 3:02 | Tree of Ages |
| 3:28 | Mana Burn |
| 3:41 | Archer |
| 3:41 | Archer |
| 4:41 | Archer |
| 4:41 | Archer |
| 4:46 | Hunter's Hall |
| 5:02 | Moon Well |
| 5:06 | Archer |
| 5:40 | Archer |
| 5:48 | Ancient of Lore |
| 6:05 | Moon Well |
| 6:06 | Tree of Eternity |
| 6:09 | Improved Bows |
| 6:30 | Evasion |
| 7:19 | Archer |
| 7:19 | Archer |
| 7:20 | Dryad |
| 7:20 | Dryad |
| 8:14 | Dryad |
| 8:16 | Druid of the Claw |
| 8:20 | Ancient of Lore |
| 8:24 | Archer |
| 8:24 | Archer |
| 8:27 | Wisp |
| 8:28 | Wisp |
| 8:56 | Druid of the Claw Adept Training |
| 10:17 | Druid of the Claw |
| 10:19 | Druid of the Claw |
| 10:21 | Archer |
| 10:22 | Archer |
| 10:33 | Druid of the Claw Master Training |
| 10:34 | Druid of the Claw |
| 10:37 | Archer |
| 11:02 | Dryad |
| 11:04 | Archer |
| 11:06 | Strength of the Moon |
| 11:14 | Ancient of Wonders |
| 11:54 | Scroll of Town Portal |
| 11:55 | Potion of Lesser Invulnerability |
| 12:10 | Mark of the Claw |
| 12:14 | Archer |
| 13:31 | Huntress |
| 13:33 | Druid of the Claw |
| 13:37 | Scroll of Town Portal |
| 14:07 | Wisp |
| 14:07 | Wisp |
| 14:11 | Ancient Protector |
| 16:26 | Mana Burn |
| 16:37 | Ancient Protector |
| 16:54 | Tree of Life |
| 19:57 | Wisp |
| 19:57 | Wisp |
| 20:48 | Evasion |
| Right click | 650 |
| Select | 287 |
| Chat | 204 |
| Build/train/purchase | 77 |
| Select group | 34 |
| Use ability | 19 |
| Assign group | 17 |
| Minimap ping | 6 |
| Remove unit | 5 |
| Resource trade | 5 |


| Orb of Venom | 2 | 650 |
| Potion of Healing | 3 | 450 |
| Potion of Mana | 1 | 200 |
| Lesser Clarity Potion | 1 | 70 |
| Scroll of Town Portal | 4 | 1400 |
| Scroll of Healing | 1 | 250 |
| Circlet of Nobility | 1 | 175 |
| Boots of Speed | 1 | 250 |
| total: | 14 | 3445g |
| Wisp | 12 | 720 | / | 0 |
| Archer | 21 | 2730 | / | 210 |
| Mountain Giant | 4 | 1400 | / | 400 |
| total: | 37 | 4850g | / | 610w |
| Ancient Protector | 1 | 135 | / | 80 |
| Altar of Elders | 1 | 180 | / | 50 |
| Moon Well | 4 | 720 | / | 160 |
| Ancient of War | 2 | 300 | / | 120 |
| Hunter's Hall | 1 | 210 | / | 100 |
| Ancient of Wonders | 1 | 90 | / | 30 |
| Tree of Life | 1 | 340 | / | 185 |
| Ancient of Lore | 2 | 310 | / | 290 |
| Tree of Ages | 1 | 320 | / | 180 |
| Tree of Eternity | 1 | 330 | / | 200 |
| total: | 13 | 2285g | / | 1015w |
| 0:01 | Wisp |
| 0:07 | Altar of Elders |
| 0:10 | Wisp |
| 0:17 | Moon Well |
| 0:21 | Wisp |
| 0:33 | Wisp |
| 0:46 | Ancient of War |
| 0:49 | Wisp |
| 0:51 | Wisp |
| 1:03 | Wisp |
| 1:13 | Wisp |
| 1:21 | Wisp |
| 1:28 | Moon Well |
| 1:34 | Wisp |
| 1:47 | Archer |
| 2:04 | Archer |
| 2:07 | Force of Nature |
| 2:29 | Tree of Ages |
| 2:54 | Archer |
| 3:15 | Archer |
| 3:22 | Hunter's Hall |
| 3:26 | Archer |
| 3:38 | Moon Well |
| 4:54 | Improved Bows |
| 4:56 | Tree of Eternity |
| 5:11 | Ultravision |
| 5:12 | Strength of the Moon |
| 5:18 | Ancient of Wonders |
| 5:48 | Entangling Roots |
| 5:57 | Archer |
| 5:57 | Archer |
| 6:36 | Archer |
| 6:54 | Archer |
| 7:18 | Archer |
| 7:22 | Ancient of War |
| 7:31 | Well Spring |
| 7:35 | Moon Well |
| 8:11 | Entangling Roots |
| 8:19 | Archer |
| 8:19 | Archer |
| 8:20 | Marksmanship |
| 8:28 | Trueshot Aura |
| 8:29 | Orb of Venom |
| 8:45 | Scroll of Town Portal |
| 8:54 | Wisp |
| 8:55 | Wisp |
| 8:58 | Archer |
| 10:06 | Archer |
| 10:13 | Scroll of Town Portal |
| 10:35 | Orb of Venom |
| 10:49 | Archer |
| 11:52 | Archer |
| 11:53 | Archer |
| 12:58 | Force of Nature |
| 13:13 | Potion of Healing |
| 13:20 | Potion of Healing |
| 13:22 | Searing Arrows |
| 13:42 | Potion of Healing |
| 14:06 | Archer |
| 14:06 | Archer |
| 14:08 | Scroll of Town Portal |
| 14:11 | Potion of Mana |
| 14:12 | Lesser Clarity Potion |
| 14:19 | Ancient of Lore |
| 14:30 | Archer |
| 14:31 | Archer |
| 14:35 | Reinforced Hides |
| 14:37 | Nature's Blessing |
| 14:54 | Circlet of Nobility |
| 14:55 | Boots of Speed |
| 14:56 | Scroll of Healing |
| 15:01 | Trueshot Aura |
| 15:30 | Scroll of Town Portal |
| 16:49 | Mountain Giant |
| 17:16 | Ancient of Lore |
| 17:17 | Improved Reinforced Hides |
| 17:53 | Tree of Life |
| 17:58 | Hardened Skin |
| 18:32 | Ancient Protector |
| 18:44 | Resistant Skin |
| 18:46 | Mountain Giant |
| 20:56 | Mountain Giant |
| 20:56 | Mountain Giant |
| 20:58 | Advanced Reinforced Hides |
| 21:09 | Force of Nature |
| 21:10 | Force of Nature |
| Right click | 726 |
| Select group | 397 |
| Select | 257 |
| Build/train/purchase | 106 |
| Misc. action | 59 |
| Use ability | 47 |
| Chat | 45 |
| Assign group | 36 |
| Resource trade | 6 |
| Item give/drop | 4 |
| Esc | 4 |
| Minimap ping | 3 |
⇛